Match 41834389
Unlisted

Match 41834389
End
Selects Airborne Battlegroup
Selects Pathfinders
Pathfinder Squad
Pathfinder Squad
Pathfinder Squad
Construct Barracks
Construct Medical Station
M1 Mortar Team
Riflemen Squad
Air Support Center
Construct Weapon Support Center
P-47 Dive Bomb
P-47 Strafing Run
Selects Paratrooper Squad Paradrop
M1918 Browning Automatic Rifles
Bazooka Squad
M3 Armored Personnel Carrier
Selects Smoke Bombing Run
Selects Supply Drop
Supply Drop
P-47 Strafing Run
P-47 Strafing Run
Selects Dual P-47 Rocket Strike
Improved M9 Bazooka Rockets
Bazooka Squad
Bazooka Squad
P-47 Dive Bomb
Riflemen Squad
Paratrooper Squad Paradrop
Dual P-47 Rocket Strike
P-47 Dive Bomb
Construct Tank Depot
M4A1 Sherman Medium Tank
Selects Anti-tank Gun Team Paradrop
M4(105) Sherman Bulldozer
P-47 Dive Bomb
Bazooka Squad
M18 Hellcat Tank Destroyer
Dual P-47 Rocket Strike
Rap Rap
Grand.G
0
0

Comments sign in to comment!

No comments posted yet!